 Dungeon Crawl Stone Soup version 0.31.0-11-ge490571c62 (webtiles) character file.

Game seed: 3701593435738102247

43 RancidPinata the Sneak (level 3, -11/26 HPs)
             Began as an Octopode Delver on Feb 7, 2024.
             Mangled by a sleepcap (19 damage)
             ... on level 6 of the Dungeon.
             The game lasted 00:01:36 (410 turns).

RancidPinata the Sneak (Octopode Delver)             Turns: 410, Time: 00:01:37

Health: -11/26     AC:  1    Str: 11    XL:     3   Next: 58%
Magic:  3/3        EV:  2    Int: 12    God:
Gold:   40         SH:  0    Dex: 15    Spells: 2/2 levels left

rFire   . . .        a - +0 short sword
rCold   . . .        (no shield)
rNeg    . . .        (helmet restricted)
rPois   .            (no amulet)
rElec   .            (no ring)
rCorr   .            (no ring)
SInv    .            (no ring)
Will    .....        (no ring)
Stlth   +++++        (no ring)
HPRegen 0.24/turn    (no ring)
MPRegen 0.08/turn    (no ring)
                     (no ring)

%: no passive effects
@: sleeping
A: almost no armour, amphibious, 8 rings, camouflage 1, gelatinous body 1,
(nimble swimmer 1), tentacles
a: no special abilities


You were on level 6 of the Dungeon.
You visited 1 branch of the dungeon, and saw 4 of its levels.

You collected 40 gold pieces.

Inventory:

Hand Weapons
 a - a +0 short sword (weapon)
Missiles
 h - 14 stones (quivered)
Wands
 f - a wand of digging (3)
Scrolls
 b - a scroll of fog
 c - a scroll of revelation
 d - a scroll of fear
 g - a scroll of teleportation {unknown}
 i - a scroll of identify {unknown}
 j - a scroll of blinking {unknown}
Potions
 e - a potion of haste


   Skills:
 * Level 3.4 Fighting
 + Level 2.3 Short Blades
 * Level 2.6 Dodging
 * Level 7.1 Stealth


You had 2 spell levels left.
You didn't know any spells.
Your spell library was empty.

Dungeon Overview and Level Annotations

Branches:
Dungeon (8/15)
 Temple: D:4-7         Lair: D:8-11

Altars:


Innate Abilities, Weirdness & Mutations

You cannot wear most types of armour.
You are amphibious.
You can wear up to eight rings at the same time.
Your skin changes colour to match your surroundings (Stealth+).
Your rubbery body absorbs attacks. (AC +1, EV +1)
((You are camouflaged when in or above water. (Stealth+)))
You have tentacles for arms and can constrict up to eight enemies at once.


Message History

There is an open door here.
There is a stone staircase leading up here.
You climb upwards.
Found a scroll of fear.
Found a stone staircase leading down.
There is a stone staircase leading down here.
A sleepcap comes into view.
The sleepcap barely misses you.
You hit the sleepcap. You grab the sleepcap.
The sleepcap is lightly damaged.
You constrict the sleepcap, but do no damage.
The sleepcap closely misses you.
You hit the sleepcap but do no damage.
The sleepcap is lightly damaged.
You constrict the sleepcap, but do no damage.
The sleepcap releases spores at you.
You hit the sleepcap but do no damage.
The sleepcap is lightly damaged.
You constrict the sleepcap, but do no damage.
The sleepcap completely misses you.
You hit the sleepcap.
You squeeze the sleepcap, but do no damage.
The sleepcap is lightly damaged.
You constrict the sleepcap, but do no damage.
You hit the sleepcap.
The sleepcap is lightly damaged.
You constrict the sleepcap, but do no damage.
The sleepcap releases spores at you.
You hit the sleepcap but do no damage.
The sleepcap is lightly damaged.
You constrict the sleepcap. The sleepcap releases spores at you.
You hit the sleepcap.
You squeeze the sleepcap, but do no damage.
The sleepcap is moderately damaged.
You constrict the sleepcap. The sleepcap releases spores at you!
You are engulfed in a cloud of soporific spores!
You fall asleep.
You lose your grip on the sleepcap.
The sleepcap releases spores at you!!
Ouch! That really hurt!
You die...

# #. #.
.####.###
........## #
......f..#####.#
###@.......#
#...........
#.........#
#>....?...#
#>........#
###########


You could see a sleepcap.

Vanquished Creatures
  A hound (D:7)
  An adder (D:6)
  An orc (D:7)
3 creatures vanquished.

Notes
Turn   | Place    | Note
-------+----------+-------------------------------------------
     0 | D:5      | RancidPinata the Octopode Delver began the quest for the
                  | Orb.
     0 | D:5      | Reached XP level 1. HP: 16/16 MP: 1/1
    49 | D:6      | Reached XP level 2. HP: 21/21 MP: 2/2
   185 | D:8      | Noticed a yak
   188 | D:8      | Noticed a yak
   200 | D:7      | Reached skill level 7 in Stealth
   200 | D:7      | Reached XP level 3. HP: 26/26 MP: 3/3
   370 | D:7      | Noticed an ice beast
   410 | D:6      | Mangled by a sleepcap

Illustrated notes

Levels and vault maps discovered:
D:5:      layout_loops_ring, uniq_eustachio
D:6:      layout_rooms, minmay_misc_feat_tiny
D:7:      layout_gridville, minmay_temple_entry_enclosed_plants, serial_shops,
          nicolae_shop_rolled_up, enter_bailey_2, minmay_bent
D:8:      layout_cave_pools, uniq_pikel, uniq_erica

Skill      XL: |  1  2 |
---------------+-------+-----
Stealth        | 7 |  7.1
Fighting       | |  3.4
Short Blades   | |  2.3
Dodging        | |  2.6

Action                     || total
---------------------------++-------
  Melee: Short sword       ||    12
         Tentacles         ||     3
         Constrict         ||     2
   Stab: Sleeping          ||     2
 Armour: Skin              ||     5
  Dodge: Dodged            ||     5
